 Dungeon Crawl Stone Soup version 0.23-a0-643-g9ccc95a (webtiles) character file.

0 Gorice the Chiller (level 1, 0/13 HPs)
             Began as a Demonspawn Wanderer on Dec 31, 2018.
             Slain by a bat (1 damage)
             ... on level 1 of the Dungeon.
             The game lasted 00:01:19 (90 turns).

Gorice the Chiller (Demonspawn Wanderer)              Turns: 90, Time: 00:01:20

Health: 0/13       AC:  3    Str: 12    XL:     1   Next: 8%
Magic:  1/2        EV: 11    Int: 15    God:
Gold:   0          SH:  0    Dex: 10    Spells: 1/2 levels left

rFire    . . .     SeeInvis .   f - +0 club
rCold    . . .     Gourm    .   (no shield)
rNeg     . . .     Faith    .   d - +0 robe (curse)
rPois    .         Spirit   .   h - +1 hat
rElec    .         Reflect  .   (no cloak)
rCorr    .         Harm     .   (no gloves)
MR       .....                  (no boots)
Stlth    +.........             c - amulet of rage
HPRegen  0.04/turn              (no ring)
MPRegen  0.08/turn              (no ring)

@: no status effects
A: no striking features
a: Evoke Berserk Rage


You were on level 1 of the Dungeon.
You were not hungry.

You visited 1 branch of the dungeon, and saw 1 of its levels.

Inventory:

Hand Weapons
 f - a +0 club (weapon)
Missiles
 Y - 18 stones (quivered)
Armour
 d - a cursed +0 robe (worn)
 e - a +0 robe
 h - a +1 hat (worn)
Jewellery
 c - an amulet of rage (around neck)
Scrolls
 a - 2 scrolls of blinking
Potions
 b - a potion of heal wounds {!q}
Comestibles
 g - a ration


   Skills:
 - Level 1.0 Throwing
 - Level 1.0 Dodging
 - Level 1.0 Stealth
 - Level 1.7 Unarmed Combat
 + Level 1.0 Spellcasting
 * Level 3.6 Ice Magic


You had one spell level left.
You knew the following spells:

 Your Spells              Type           Power        Failure   Level  Hunger
a - Freeze                Ice            ##..         5%          1    ##.....

Your spell library contained the following spells:

 Spells                   Type           Power        Failure   Level  Hunger
 Ozocubu's Armour         Chrm/Ice       #.......     34%         3    ####...
 Poisonous Vapours        Pois/Air       #.....       36%         2    ###....
 Swiftness                Chrm/Air       #.......     36%         2    ###....


Dungeon Overview and Level Annotations

Branches:
Dungeon (1/15)

Altars:


Message History

Aim: a goblin (severely wounded)
You freeze the goblin.
You kill the goblin!
A bat comes into view.
The bat misses you.
A kobold comes into view. It is wielding a +0 short sword.
The dart slug barely misses you. The bat closely misses you.
Casting: Freeze (safe; 5% risk of failure)
Confirm with . or Enter, or press ? or * to list all spells.
You don't have enough magic to cast that spell.
Unknown command.
You hit the dart slug but do no damage. The bat closely misses you.
The dart slug bites you.
Damage: 1 (max 2)
You hit the dart slug but do no damage.
The kobold shouts!
The bat barely misses you. The bat closely misses you.
The dart slug misses you.
You hit the dart slug.
The dart slug is moderately wounded.
The bat barely misses you.
The dart slug bites you but does no damage.
You hit the dart slug but do no damage.
The dart slug is moderately wounded.
The bat misses you. The dart slug bites you.
Damage: 1 (max 2)
You barely miss the dart slug.
The dart slug is moderately wounded.
The bat hits you but does no damage. The bat hits you. The dart slug bites you.
* * * LOW HITPOINT WARNING * * *
Damage: 3 (max 3)
You hit the dart slug but do no damage.
The dart slug is moderately wounded.
The bat hits you but does no damage. The kobold barely misses you.
You hit the dart slug.
The dart slug is heavily wounded.
The bat closely misses you. The dart slug closely misses you.
The kobold hits you but does no damage.
You hit the dart slug.
The dart slug is severely wounded.
The bat barely misses you. The kobold closely misses you.
The dart slug launches a dart at you. The slug dart hits you!
* * * LOW HITPOINT WARNING * * *
Damage: 5 (max 5)
The bat closely misses you. The bat hits you but does no damage.
The bat barely misses you. The bat hits you.
You die...

≈≈≈§≈≈§<§≈≈≈§≈≈#.........##
§≈≈≈§≈§.≈≈≈§≈§≈#...$......#
≈≈§§.......≈≈§§#........# ##
≈§..§........≈§#........#..#
≈.............§#............
≈.............≈#.w..........
##..8.###.8..###.K..........
g#...........#o#............
######'''#######@b.#........
#...........##....#........
#...........##....#........
###.......###....##........
...##'''''##...#..##........
..............##..##........
...####..#.###.#..##........
.#.####.##.###....#
#..............#.#


You could see a dart slug, a bat and a kobold.

Vanquished Creatures
  A goblin (D:1)
1 creature vanquished.

Notes
Turn   | Place    | Note
-------+----------+-------------------------------------------
     0 | D:1      | Gorice the Demonspawn Wanderer began the quest for the Orb.
     0 | D:1      | Gorice set off with the following items: a scroll of
                  | blinking, a potion of heal wounds {!q}, a +0 robe, a +0
                  | club, a ration; and the following spell memorised: Freeze;
                  | and the following spells available to memorise: Ozocubu's
                  | Armour, Poisonous Vapours, Swiftness
     0 | D:1      | Reached XP level 1. HP: 13/13 MP: 2/2
    85 | D:1      | HP: 1/13 [dart slug/slug dart (5)]
    90 | D:1      | Slain by a bat

Vault maps used:
D:1:      lordsloth_arrival_two_stooges, minivault_19

Action                   || total
-------------------------++-------
Melee: Club              ||     8
 Cast: Freeze            ||     2
Armor: Robe              ||     5
Dodge: Dodged            ||    16

Table legend:
 A = Non-vault XP
 B = Vault XP
 C = Vault XP percentage of total XP
 D = Non-vault monster count
 E = Vault monster count
 F = Vault count percentage of total count
                 A         B        C        D         E       F
            +---------+---------+-------+---------+---------+-------
      Total |       1 |       0 |   0.0 |       1 |       0 |   0.0
            +---------+---------+-------+---------+---------+-------
        D:1 |       1 |       0 |   0.0 |       1 |       0 |   0.0
            +---------+---------+-------+---------+---------+-------

Table legend:
 A = Turns spent in this place as a percentage of turns spent in the entire game.
 B = Non-inter-level travel turns spent in this place as a percentage of non-inter-level travel turns spent in the entire game.
 C = Inter-level travel turns spent in this place as a percentage of turns spent in this place.
 D = Turns resting spent in this place as a percentage of non-inter-level travel turns spent in this place.
 E = Turns spent auto-exploring this place as a percentage of non-inter-level travel turns spent in this place.
 F = Non-inter-level travel turns spent in this place divided by the number of levels of this place that you've seen.
                   A       B       C       D       E      F
               +-------+-------+-------+-------+-------+----------------------
         Total | 100.0 | 100.0 |   0.0 |   0.0 |  18.9 |  90.0
       Dungeon | 100.0 | 100.0 |   0.0 |   0.0 |  18.9 |  90.0
               +-------+-------+-------+-------+-------+----------------------

Vault maps used:
D:1:      lordsloth_arrival_two_stooges, minivault_19
